 Dungeon Crawl Stone Soup version 0.28-a0-1199-gef9e1dbd39 (webtiles) character file.

Game seed: 11443383165412607042

186 sanka the Slasher (level 5, -1/43 HPs)
             Began as a Palentonga Fighter on Dec 19, 2021.
             Slain by a gnoll (10 damage)
             ... on level 3 of the Dungeon.
             The game lasted 00:03:52 (2706 turns).

sanka the Slasher (Palentonga Fighter)              Turns: 2706, Time: 00:03:53

Health: -1/43      AC:  6    Str: 21    XL:     5   Next: 38%
Magic:  5/5        EV:  7    Int:  9    God:
Gold:   116        SH:  0    Dex:  9    Spells: 4/4 levels left

rFire   . . .      SeeInvis +   a - +0 great sword
rCold   . . .      Faith    .   (shield currently unavailable)
rNeg    . . .      Spirit   .   b - +0 scale mail
rPois   .          Reflect  .   (no helmet)
rElec   .          Harm     .   (no cloak)
rCorr   .          Rampage  .   (no gloves)
Will    .....                   (no barding)
Stlth   ..........              (no amulet)
HPRegen 0.14/turn               (no ring)
MPRegen 0.09/turn               (no ring)

@: studying Slings
A: large, rugged brown scales 3, see invisible, deformed body, roll 1, armoured
tail
a: Rolling Charge


You were on level 3 of the Dungeon.
You visited 1 branch of the dungeon, and saw 4 of its levels.

You collected 116 gold pieces.


Innate Abilities, Weirdness & Mutations

You are completely covered in rugged brown scales. (AC +3, +7% HP)
You have supernaturally acute eyesight. (SInv)
Armour fits poorly on your strangely shaped body.
You can roll at nearby foes to attack.
You have a long armoured tail.


   Skills:
 - Level 3.0 Fighting
 + Level 5.7 Long Blades
 - Level 2.4 Armour
 - Level 2.4 Shields


You had 4 spell levels left.
You didn't know any spells.
Your spell library contained the following spells:

 Spells                   Type           Power      Damage    Failure   Level
 Sublimation of Blood     Necr           0%         N/A       86%         2
 Wereblood                Tmut           0%         N/A       86%         2
 Summon Hydra             Summ           0%         N/A       100%        7

Inventory:

Hand Weapons
 a - a +0 great sword (weapon)
 m - a +0 long sword
Armour
 b - a +0 scale mail (worn)
 c - a +0 buckler
Scrolls
 d - a scroll of vulnerability {!r}
 e - a scroll of noise {!r}
 h - a scroll of summoning
 k - a scroll of teleportation {@r4}
Potions
 f - a potion of flight {unknown}
 g - 3 potions of curing {unknown}
 i - a potion of degeneration {unknown}
 j - a potion of heal wounds {unknown}
 l - a potion of mutation {unknown}

Dungeon Overview and Level Annotations

Branches:
Dungeon (4/15)
 Temple: D:4-7

Altars:

Shops:
D:2

(=[ ▒▒▒▒▒▒▒
▒.▒▒.▒...▒
▒.▒▒.▒▒▒).
▒▒)▒▒......
▒..▒▒.▒▒▒▒.
▒.▒...▒ ▒▒
▒.▒.▒.▒▒▒▒▒
▒▒▒▒▒▒..........
▒▒▒..........▒▒▒▒▒
▒Hg....▒.▒▒▒.▒ ▒
▒▒▒▒▒▒▒▒.▒ ▒.▒ ▒
▒......▒ ▒.▒ ▒
▒.▒▒.▒▒▒▒▒.▒▒▒▒▒
▒............[..
▒..▒............
▒▒..▒▒..........
▒..▒.▒.........
▒...▒.▒▒......▒


You could see a gnoll.


Message History

* * * LOW HITPOINT WARNING * * *
Unknown command.
You closely miss the hound.
The hound is heavily wounded.
The hound bites you.
* * * LOW HITPOINT WARNING * * *
The hound closely misses you.
Unknown command.
You slash the hound!
You kill the hound!
The gnoll hits you but does no damage.
Unknown command.
Unknown command.
You closely miss the gnoll. The gnoll hits you with a +0 flail.
* * * LOW HITPOINT WARNING * * *
Unknown command.
You completely miss the gnoll. The gnoll barely misses you.
You barely miss the gnoll. The gnoll hits you with a +0 flail.
* * * LOW HITPOINT WARNING * * *
The gnoll hits you with a +0 flail.
* * * LOW HITPOINT WARNING * * *
You closely miss the gnoll.
Your tail-slap misses the gnoll.
The gnoll barely misses you.
You closely miss the gnoll. The gnoll hits you with a +0 flail!
You die...

Action                   |  1- 3 |  4- 6 || total
-------------------------+-------+-------++-------
Melee: Long sword        |    87 |    45 ||   132
       Tailslap          |     5 |     8 ||    13
       Great sword       |       |    17 ||    17
 Abil: Rolling Charge    |    11 |     1 ||    12
  Use: Potion            |     1 |       ||     1
       Scroll            |       |     4 ||     4
Armor: Scale mail        |    35 |    26 ||    61
Dodge: Dodged            |    36 |    22 ||    58
Block: Buckler           |    13 |     7 ||    20

Levels and vault maps discovered:
D:1:      dpeg_arrival_pond, layout_basic, serial_corexii_hall,
          corexii_hall_statues_i, corexii_hall_statues_l
D:2:      layout_basic, serial_shops, shop, nicolae_shop_statue_plus,
          nicolae_shop_competitors_out_of_business
D:3:      layout_rooms, minmay_misc_feat_secret_circle
D:4:      minmay_clustersquares, layout_basic, lemuel_tele_altar,
          ebering_ghost_inner_flame, minmay_ruptured, uniq_ijyb

Notes
Turn   | Place    | Note
-------+----------+-------------------------------------------
     0 | D:1      | sanka the Palentonga Fighter began the quest for the Orb.
     0 | D:1      | Reached XP level 1. HP: 19/19 MP: 1/1
   199 | D:1      | Reached XP level 2. HP: 25/25 MP: 2/2
   270 | D:1      | Reached skill level 3 in Long Blades
   658 | D:1      | Reached XP level 3. HP: 29/31 MP: 3/3
  1038 | D:2      | Found Giuwk's Armour Boutique.
  1123 | D:2      | Found Foch's Weapon Shop.
  1148 | D:2      | Noticed a black bear
  1161 | D:2      | Killed a black bear
  1161 | D:2      | HP: 2/31 [frozen (5)]
  1162 | D:2      | Reached skill level 5 in Long Blades
  1162 | D:2      | Reached XP level 4. HP: 3/37 MP: 4/4
  1535 | D:2      | Found Ukirong's Jewellery Emporium.
  1708 | D:2      | Reached XP level 5. HP: 43/43 MP: 5/5
  2706 | D:3      | Slain by a gnoll

Vanquished Creatures
  A black bear (D:2)
  A hound (D:3)
  An adder (D:2)
  3 dart slugs
  7 ball pythons
  9 endoplasms
  A giant cockroach (D:1)
  5 goblins
  2 quokkas (D:1)
  4 bats
  6 frilled lizards
  9 kobolds
  5 rats
54 creatures vanquished.
